 Dungeon Crawl Stone Soup version 0.20.0-15-g7f486f2 (webtiles) character file.

79 Jmtistic the Slasher (level 4, -3/33 HPs)
             Began as a Vampire Gladiator on June 11, 2017.
             Slain by an orc
             ... wielding a +0 morningstar
              (5 damage)
             ... on level 3 of the Dungeon.
             The game lasted 00:08:44 (1548 turns).

Jmtistic the Slasher (Vampire Gladiator)            Turns: 1548, Time: 00:08:45

Health: -3/33      AC:  5    Str: 14    XL:     4   Next: 16%
Magic:  4/4        EV: 14    Int: 10    God:
Gold:   68         SH:  0    Dex: 15    Spells: 3/3 levels left

rFire    . . .     SeeInvis +   a - +0 long sword
rCold    . . .     Gourm    .   (no shield)
rNeg     . . .     Faith    .   b - +0 leather armour
rPois    .         Spirit   .   c - +0 helmet
rElec    .         Reflect  .   (no cloak)
rCorr    .         Harm     .   j - +0 pair of gloves
MR       .....                  (no boots)
Stlth    +.........             (no amulet)
Regen    0.4/turn               (no ring)
MPRegen  0.1/turn               (no ring)

@: regenerating quickly
A: fangs 3, see invisible, unbreathing
a: no special abilities


You were on level 3 of the Dungeon.
You were very full.

You visited 1 branch of the dungeon, and saw 3 of its levels.

You collected 68 gold pieces.

Inventory:

Hand Weapons
 a - a +0 long sword (weapon)
Missiles
 d - 3 throwing nets (quivered)
Armour
 b - a +0 leather armour (worn)
 c - a +0 helmet (worn)
 j - a +0 pair of gloves (worn)
 k - a +0 helmet
 q - a +0 helmet
 t - a +0 pair of gloves
Jewellery
 l - an uncursed amulet of regeneration {unknown}
 n - a +4 ring of evasion {unknown}
 r - an uncursed ring of magical power {unknown}
 s - an uncursed ring of flight {unknown}
Scrolls
 g - 4 scrolls of remove curse {unknown}
 h - a scroll of immolation {unknown}
 i - a scroll of fear {unknown}
 o - a scroll of amnesia {unknown}
 p - a scroll of fog {unknown}
Potions
 e - 7 potions of blood
 f - 2 potions of curing {unknown}
 m - 2 potions of lignification {unknown}


   Skills:
 + Level 1.9 Fighting
 + Level 4.2 Long Blades
 - Level 1.5 Throwing
 + Level 0.5 Armour
 + Level 4.0 Dodging
 + Level 0.4 Stealth


You had 3 spell levels left.
You didn't know any spells.

Dungeon Overview and Level Annotations

Branches:
Dungeon (3/15)

Altars:


Innate Abilities, Weirdness & Mutations

Your natural rate of healing is unusually fast.
You have razor-sharp teeth.
You have supernaturally acute eyesight. (SInv)
You can survive without breathing.


Message History

The explosion of tomahawk fragments engulfs the bat.
The bat dies!
The explosion of tomahawk fragments engulfs you!
You hear a croak.
You see here a frilled lizard corpse.
You hit the orc.
The orc is heavily wounded.
The orc hits you but does no damage. The orc hits you with a morningstar.
You hit the orc.
The orc is severely wounded.
The orc hits you but does no damage. The orc hits you with a morningstar!
You hit the orc but do no damage.
The orc is severely wounded.
The orc barely misses you. The orc misses you.
You hit the orc.
You kill the orc!
The orc hits you with a morningstar!
* * * LOW HITPOINT WARNING * * *
You closely miss the orc. The orc hits you with a morningstar.
You die...

#... #........
#.......
#####......
#.........
#........
#.......######
#......?.....##
##....[@†.###.<#
.......o..# #..#
.......<..# #..#
..........# #...
.............#.#.
...$....#.##.#.#.#
........#.)....# #
.F......####.#.#
........#


You could see a bullfrog (wandering) and an orc.

Vanquished Creatures
  2 adders (D:2)
  A worm (D:2)
  A dart slug (D:2)
  A leopard gecko (D:1)
  4 orcs
  A ball python (D:1)
  7 bats
  A giant cockroach (D:2)
  2 goblins
  7 hobgoblins
  3 jackals (D:1)
  8 kobolds
  4 frilled lizards
  2 rats
44 creatures vanquished.

Vanquished Creatures (others)
  A bat (D:3)
  A frilled lizard (D:3)
2 creatures vanquished.

Grand Total: 46 creatures vanquished

Notes
Turn   | Place    | Note
-------+----------+-------------------------------------------
     0 | D:1      | Jmtistic the Vampire Gladiator began the quest for the Orb.
     0 | D:1      | Reached XP level 1. HP: 16/16 MP: 1/1
   117 | D:1      | Reached XP level 2. HP: 15/22 MP: 2/2
   641 | D:1      | Reached XP level 3. HP: 26/27 MP: 3/3
  1389 | D:2      | Reached XP level 4. HP: 31/33 MP: 4/4
  1547 | D:3      | HP: 1/33 [orc/morningstar (11)]
  1548 | D:3      | Slain by an orc

Skill      XL: |  1  2  3 |
---------------+----------+-----
Long Blades    | 4 |  4.2
Dodging        | 4 |  4.0
Fighting       | |  1.9
Throwing       | |  1.5
Armour         | |  0.5
Stealth        | |  0.4

Action                   |  1- 3 |  4- 6 || total
-------------------------+-------+-------++-------
Melee: Long sword        |   109 |    17 ||   126
       Bite              |    17 |     2 ||    19
  Use: Potion            |     6 |     3 ||     9
Armor: Leather armour    |    43 |    12 ||    55
Dodge: Dodged            |   109 |    27 ||   136
       Rpst.: Long sword |    31 |     6 ||    37
